 Dungeon Crawl Stone Soup version 0.18-a0-1405-g73f4075 (webtiles) character file.

1018698 Gruud the Executioner (level 27, -10/306 HPs)
             Began as a Demonspawn Gladiator on Jan 31, 2016.
             Was the Champion of Makhleb.
             Mangled by a pearl dragon (28 damage)
             ... on level 14 of a ziggurat on Feb 24, 2016.
             The game lasted 10:57:37 (74595 turns).

Gruud the Executioner (Demonspawn Gladiator)       Turns: 74595, Time: 10:57:37

Health: -10/306    AC: 50    Str: 23    XL:     27
Magic:  0/46       EV: 12    Int: 17    God:    Makhleb [******]
Gold:   6587       SH:  0    Dex: 13    Spells: 15 memorised, 0 levels left

rFire  + . .     SeeInvis +     a - +9 executioner's axe (freeze)
rCold  + + .     Gourm    .     B - +12 gold dragon armour
rNeg   + + .     Faith    .     (shield currently unavailable)
rPois  +         Spirit   +     e - +2 hat {Int+3}
rElec  +         Dismiss  .     V - +2 cloak {rPois}
rCorr  .         Reflect  .     s - +2 pair of gloves {archery}
SustAt .         Harm     .     (boots unavailable)
MR     ++++.     Rnd*Tele +     A - amulet of guardian spirit
Stlth  ..........               I - ring "Ocigy" {+Fly MR++ SInv}
                                M - ring "Owitevutai" {Ice rElec rPois rN++ MP+9}

@: very slightly contaminated, hasted, glowing, deflect missiles, very quick,
incredibly resistant to hostile enchantments, extremely unstealthy
A: antennae 1, hooves 3, molten scales 3, blurry vision 1, clumsy 1, foul stench
2, low mp 1, powered by death 3, robust 3, screaming 2, shaggy fur 1,
teleportitis 1, evolution 1, no device heal 1, rot immunity, MP-powered wands
a: Minor Destruction, Lesser Servant of Makhleb, Major Destruction, Greater
Servant of Makhleb, Renounce Religion, Evoke Flight
}: 9/15 runes: barnacled, slimy, silver, abyssal, demonic, glowing, fiery, dark,
gossamer


You were on level 14 of a ziggurat.
You worshipped Makhleb.
Makhleb was exalted by your worship.
You were not hungry.

You visited 11 branches of the dungeon, and saw 60 of its levels.
You visited Pandemonium 1 time, and saw 21 of its levels.
You visited the Abyss 2 times.
You visited 1 ziggurat, and saw 14 of its levels.
You also visited: Trove, Bailey, Ice Cave and Wizlab.

You collected 10791 gold pieces.
You spent 4204 gold pieces at shops.

Inventory:

Hand Weapons
 a - a +9 executioner's axe of freezing (weapon)
 b - the +8 executioner's axe "Dep Pahu" {chop, Dex+2}
   (You found it in a bailey)

   It inflicts extra damage upon your enemies.
   It affects your dexterity (+2).
 z - the +8 frozen axe "Frostbite" {freezing cloud, *Noise +Fly rC+}
   (You took it off an ironbrand convoker on level 5 of the Vaults)

   It has been specially enchanted to freeze those struck by it, causing extra
   injury to most foes and up to half again as much damage against particularly
   susceptible opponents.
   It can also slow down cold-blooded creatures.
   It protects you from cold.
   It lets you fly.
   It may make noises in combat.
Armour
 e - a +2 hat of intelligence (worn)
 s - a +2 pair of gloves of archery (worn)
 B - a +12 gold dragon armour (worn)
 V - a +2 cloak of poison resistance (worn)
Jewellery
 h - the ring of Robustness {AC+8}
   (You found it on level 3 of the Crypt)

   [ring of protection]

   It affects your AC (+8).
 m - an uncursed ring of protection from cold
 w - the amulet "Bevvam" {RegenMP Str+4 Dex+4}
   (You found it in Pandemonium)

   [amulet of magic regeneration]

   It increases your magic regeneration.
   It affects your strength (+4).
   It affects your dexterity (+4).
 A - an amulet of guardian spirit (around neck)
 I - the ring "Ocigy" (right hand) {+Fly MR++ SInv}
   (You found it on level 15 of the Dungeon)

   [ring of see invisible]

   It affects your resistance to hostile enchantments.
   It lets you see invisible.
   It lets you fly.
 L - an uncursed ring of wizardry
 M - the ring "Owitevutai" (left hand) {Ice rElec rPois rN++ MP+9}
   (You found it on level 2 of the Depths)

   [ring of ice]

   It enhances your ice magic, and weakens your fire magic.
   It makes you vulnerable to fire.
   It protects you from cold.
   It insulates you from electricity.
   It protects you from poison.
   It greatly protects you from negative energy.
   It affects your magic capacity (+9).
 U - the ring "Guleuwe" {rCorr Int+4}
   (You found it on level 10 of a ziggurat)

   [ring of resist corrosion]

   It affects your intelligence (+4).
Wands
 o - a wand of hasting (8/9)
 x - a wand of digging (23/24)
 y - a wand of hasting (4/9)
 P - a wand of teleportation (5/9)
 R - a wand of teleportation (9/9)
 X - a wand of disintegration (20/24)
Scrolls
 g - 14 scrolls of recharging
 i - 34 scrolls of remove curse
 j - 6 scrolls of magic mapping
 l - 29 scrolls of teleportation
 p - 7 scrolls of summoning
 H - 6 scrolls of silence
 J - 10 scrolls of blinking
 O - 4 scrolls of identify
 S - 15 scrolls of fog
 Z - 5 scrolls of enchant armour
Potions
 c - 14 potions of heal wounds
 d - 6 potions of magic
 k - 8 potions of ambrosia
 n - 10 potions of flight
 q - 24 potions of curing
 r - 7 potions of might
 t - a potion of berserk rage
 u - 5 potions of agility
 C - 10 potions of cancellation
 D - 12 potions of haste
 E - 2 potions of resistance
 G - 9 potions of brilliance
 Q - 2 potions of invisibility
 Y - a potion of beneficial mutation
Miscellaneous
 K - a fan of gales
 T - 7 phantom mirrors
Comestibles
 f - 20 bread rations
 v - 68 fruits
 F - 41 meat rations
 N - 21 beef jerkies


   Skills:
 + Level 23.4 Fighting
 - Level 26.0 Axes
 - Level 1.7 Throwing
 + Level 21.2 Armour
 + Level 18.9 Dodging
 - Level 14.6 Spellcasting
 - Level 14.0 Hexes
 - Level 21.0 Charms
 * Level 15.3 Air Magic
 - Level 16.0 Invocations


You couldn't memorise any spells.
You knew the following spells:

 Your Spells              Type           Power        Failure   Level  Hunger
a - Regeneration          Chrm/Necr      #####.....   3%          3    None
b - Deflect Missiles      Chrm/Air       ######....   10%         6    ######.
c - Repel Missiles        Chrm/Air       ######       1%          2    None
d - Swiftness             Chrm/Air       ######..     1%          2    None
e - Apportation           Tloc           ##........   85%         1    None
f - Animate Skeleton      Necr           N/A          85%         1    None
g - Spectral Weapon       Hex/Chrm       ######..     1%          3    None
h - Song of Slaying       Chrm           ######..     1%          2    None
i - Haste                 Chrm           ######..     2%          6    ######.
j - Passage of Golubria   Tloc           N/A          100%        4    #......
k - Silence               Hex/Air        ######....   8%          5    ####...
l - Sublimation of Blood  Necr           ##........   96%         2    None
m - Death's Door          Chrm/Necr      #####.....   100%        8    #######
n - Borgnjor's Revivific  Necr           ##........   100%        8    #######
o - Blink                 Tloc           N/A          96%         2    None


Dungeon Overview and Level Annotations

Branches:
Dungeon (15/15)            Temple (0/1) D:5            Lair (8/8) D:8
 Shoals (4/4) Lair:6       Spider (4/4) Lair:4        Slime (6/6) Lair:6
    Orc (2/2) D:10            Elf (3/3) Orc:2        Vaults (5/5) D:14
  Crypt (3/3) Vaults:3       Tomb (0/3) Crypt:3      Depths (5/5) D:15
    Zot (5/5) Depths:5

Altars:
Ashenzari
Cheibriados
Fedhas
Gozag
Kikubaaqudgha
Makhleb
Pakellas
Ru
Sif Muna
Trog
Vehumet
Zin
Beogh
Jiyva

Shops:
D:5 *   D:10 *   D:11 (   Orc:2 =}?=   Elf:3 (   Vaults:2 =   Vaults:5 (

Portals:
Hell: Depths:1 Depths:2 Depths:3 Depths:4 Depths:5
Abyss: Depths:1
Pandemonium: Depths:1 Depths:3 Depths:4 Depths:5

Annotations:
D:3 M4edhros's ghost, amateur OpAr
D:5 exclusion: statue
Elf:2 3 runed doors, exclusion: door, Roxanne
Vaults:5 inmateoo's ghost, legendary GrVM


Innate Abilities, Weirdness & Mutations

You have hooves in place of feet.
You are completely covered in molten scales (AC +4, EV -1, rF+).
You frequently emit foul miasma when damaged in melee.
You regenerate a lot of health from kills.
You are extremely robust (+30% HP).
You are immune to rotting.
You have a pair of small antennae on your head.
Scrolls take you a little longer to read.
You are clumsy. (Dex -2)
Your magical capacity is low (-10% MP).
You sometimes yell uncontrollably at your foes.
You are covered in fur (AC +1).
You are occasionally teleported next to monsters.
You evolve.
Potions and wands are less effective at restoring your health.
You expend magic power (3 MP) to strengthen your wands.


Message History

Read which item? (? for menu, Esc to quit)
Really read with blurry vision while enemies are nearby?
You are engulfed in blessed fire.
The ophan calls forth blessed flames!
The daeva calls down the wrath of the Shining One upon you.
The Shining One smites you!
* * * LOW HITPOINT WARNING * * *
You begin reading the scroll.
You continue reading the scroll.
You are engulfed in blessed fire.
* * * LOW HITPOINT WARNING * * *
The pearl dragon bites you but does no damage.
The pearl dragon claws you but does no damage.
The angel hits you but does no damage. x2
The cherub sings praise to Elyvilon.
The apis gores you.
* * * LOW HITPOINT WARNING * * *
The apis sears you!!
* * * LOW HITPOINT WARNING * * *
The pearl dragon bites you!!
You die...

...............▓▓
..................▓
..................▓▓
.A8.....8..........▓
..Y................▓
..G.G..............▓▓
.....AA..........∩..▓
...A.AD§§..........▓▓
...AADD@§..........▓
..8..GAY8..........▓
....GA.A..........▓▓
....A.............▓
.................▓▓
...............▓▓▓
..............▓▓
............▓▓▓


You could see 2 apis, a daeva (roused), 3 pearl dragons, 3 angels, 4 ophanim and
3 cherubim.

Vanquished Creatures
  Cerebov (Pan)
  the Royal Jelly (Slime:6)
  Gloorx Vloq (Pan)
  Mnoleg (Pan)
  7 ancient liches
  An orb of fire (Zot:5)
  2 juggernauts
  12 pandemonium lords (Pan)
  Frederick (Vaults:3)
  Saint Roka (Vaults:4)
  3 Killer Klowns (Zot:5)
  3 curse toes
  Margery (Vaults:3)
  A caustic shrike (Depths:3)
  11 golden dragons
  Xtahua (Vaults:4)
  A pearl dragon (Zig:14)
  2 bone dragons
  3 electric golems
  Jorgrun (Shoals:4)
  7 Brimstone Fiends (Pan)
  24 tentacled monstrosities
  8 liches
  25 Orb Guardians (Zot:5)
  7 Hell Sentinels (Pan)
  A shard shrike skeleton (Crypt:1)
  5 Ice Fiends (Pan)
  5 titans
  3 quicksilver dragons (Vaults:5)
  2 deep elf master archers (Elf:3)
  8 Shadow Fiends (Pan)
  2 ancient champions
  Polyphemus (Shoals:4)
  Gastronok (Lair:3)
  27 Executioners (Pan)
  3 krakens
  2 deep elf blademasters (Elf:3)
  21 acid blobs
  A thorn hunter (Zig:11)
  Agnes (Elf:1)
  Frances (D:14)
  A sphinx (shapeshifter) (Vaults:5)
  9 death cobs
  7 sphinxes
  3 tentacled starspawn
  The ghost of Borgoz the Warrior, an adept MiFi of the Shining One (WizLab)
  7 tengu reavers
  8 shadow dragons
  4 draconian monks
  2 revenants
  11 azure jellies
  17 storm dragons
  3 daevas
  Ilsuiw (Shoals:4)
  8 fire giants
  A frost giant (shapeshifter) (Vaults:5)
  9 ghost moths
  10 draconian knights
  An orc warlord (Orc:2)
  12 frost giants
  15 vault wardens
  3 deep elf sorcerers
  Louise (Shoals:1)
  19 balrugs
  An iron dragon (Depths:3)
  12 black suns
  Aizul (Vaults:4)
  A juggernaut zombie (Zig:12)
  21 cacodemons
  3 curse skulls
  13 ghouls
  3 emperor scorpions
  9 warmongers (Pan)
  A caustic shrike zombie (Zig:12)
  5 draconian scorchers
  2 angels
  3 draconian shifters (Zot:3)
  19 reapers
  21 very ugly things
  4 draconian zealots
  4 spriggan defenders (Depths:3)
  6 draconian annihilators
  27 stone giants
  13 ironheart preservers
  2 war gargoyles
  An apis (Zig:14)
  14 blood saints (Pan)
  4 draconian callers
  8 black draconians
  11 chaos champions (Pan)
  22 vampire knights
  6 green draconians
  8 deep elf demonologists
  4 salamander stormcallers
  Azrael (Elf:1)
  6 corrupters
  A juggernaut skeleton (Zig:12)
  15 lorocyprocas
  4 purple draconians
  7 red draconians
  3 mottled draconians
  7 deep elf annihilators
  9 yellow draconians
  2 white draconians
  13 ettins
  5 spark wasps
  4 eidola
  9 green deaths (Pan)
  32 blizzard demons
  10 deep elf death magi
  4 death oozes (Slime:6)
  11 jiangshi
  2 merfolk javelineers (Shoals:4)
  16 fire dragons
  7 deep elf high priests
  39 vault guards
  9 merfolk impalers
  Josephine (Lair:6)
  2 mummy priests
  A quicksilver dragon skeleton (Crypt:3)
  A minotaur (shapeshifter) (Vaults:5)
  8 entropy weavers
  18 great orbs of eyes
  4 hell beasts (Pan)
  A naga warrior (Abyss:5)
  13 yaktaur captains
  3 spriggan air magi
  2 rakshasas
  9 hydras
  A ghost crab (Zig:12)
  9 merfolk aquamancers
  A merfolk avatar (Shoals:2)
  4 catoblepae
  20 ice dragons
  9 centaur warriors
  An iron giant zombie (Zig:8)
  2 satyrs
  7 monstrous demonspawn (Pan)
  16 dancing weapons
  2 alligator snapping turtles
  17 death yaks
  4 death knights
  A queen ant (Spider:1)
  7 deep troll shamans
  An alligator (Zig:11)
  7 deep troll earth magi
  4 tengu warriors
  14 ogre magi
  8 hell hogs
  13 vampire magi
  2 titan zombies
  6 orc high priests
  33 soul eaters
  3 storm dragon zombies
  3 spriggan berserkers
  The ghost of Shaidar413 the Grappler, a novice TrBe of Trog (D:9)
  12 thrashing horrors (Abyss:5)
  5 wretched stars (Abyss:5)
  45 sun demons
  5 hell knights
  8 shadow wraiths
  16 deep elf knights
  A fire crab (shapeshifter) (Vaults:3)
  5 iron trolls
  A spatial maelstrom (Abyss:5)
  A titan skeleton (Crypt:3)
  Nergalle (Orc:1)
  A death drake (Zig:11)
  2 anaconda zombies (Crypt:3)
  3 fire crabs
  37 skeletal warriors
  A death scarab (Zig:6)
  7 flayed ghosts
  8 sea snakes
  21 wizards
  A sea snake (shapeshifter) (Vaults:5)
  8 unseen horrors
  10 shadow demons (Pan)
  4 golden dragon zombies
  4 giant orange brains
  2 shambling mangroves (Zig:11)
  13 gelid demonspawn (Pan)
  A quicksilver dragon simulacrum (Crypt:2)
  18 orc knights
  A spriggan druid (Zig:11)
  4 hill giants
  A death drake (shapeshifter) (Vaults:2)
  15 torturous demonspawn
  3 golden dragon skeletons
  18 deep trolls
  7 infernal demonspawn (Pan)
  13 putrid demonspawn (Pan)
  14 necromancers
  A deep troll (shapeshifter) (Vaults:5)
  19 phantasmal warriors
  2 swamp dragons (Zig:11)
  An orange crystal statue (Zig:9)
  A spark wasp zombie (Zig:13)
  15 deep elf archers
  19 ironbrand convokers
  Pikel (D:5)
  An anaconda skeleton (Pan)
  2 anubis guards
  64 deep elf magi
  11 cyclopes
  86 ugly things
  2 mana vipers (shapeshifter)
  11 orc sorcerers
  19 orb spiders
  4 oklob plants
  3 wolf spider zombies
  A faun (Shoals:2)
  3 fire giant zombies
  37 harpies
  24 wolf spiders
  3 iron dragon zombies
  7 shining eyes
  7 salamanders (Vaults:4)
  12 griffons
  A worldbinder (Abyss:1)
  A stone giant zombie (Crypt:2)
  2 shadow dragon skeletons
  17 moths of wrath
  3 water nymphs
  10 hornets
  12 manticores
  29 sixfirhies
  A frost giant skeleton (Pan)
  An octopode (shapeshifter) (Depths:2)
  2 apocalypse crabs
  9 sirens
  3 black mambas
  2 iron dragon skeletons
  10 elephants
  2 black mambas (shapeshifter)
  47 smoke demons
  2 stone giant skeletons
  3 guardian serpents
  A yaktaur zombie (Zig:2)
  13 rust devils
  10 vault sentinels
  31 orange demons
  2 shock serpent skeletons (Crypt:1)
  5 centaur skeletons
  5 eyes of devastation
  A spiny frog (shapeshifter) (Depths:1)
  10 spiny frogs
  4 ice statues
  A spriggan zombie (Zig:6)
  12 komodo dragons
  5 kobold demonologists
  A fire drake (Lair:4)
  57 yaktaurs
  2 yaktaurs (shapeshifter) (Depths:4)
  6 efreet
  10 hellions
  40 ice devils
  16 tormentors
  28 demonic crawlers
  26 hellwings
  4 ancient zymes
  2 queen bees
  A death drake zombie (Crypt:3)
  4 tengu conjurers
  15 freezing wraiths
  3 guardian mummies
  16 red devils
  A grey draconian skeleton (Crypt:3)
  26 merfolk
  12 trolls
  A merfolk (shapeshifter) (Vaults:5)
  A troll (shapeshifter) (Zig:7)
  5 wind drakes
  A green draconian skeleton (Crypt:2)
  A queen ant zombie (Crypt:1)
  31 jumping spiders
  A queen bee (shapeshifter) (Vaults:4)
  25 two-headed ogres
  Prince Ribbit (Lair:1)
  A giant leech (Zig:11)
  4 polar bears
  4 raiju (Abyss:5)
  24 blink frogs
  A boulder beetle (Vaults:1)
  2 hydra skeletons
  6 bog bodies
  70 slime creatures
  7 snapping turtles
  2 ushabtiu
  A hornet zombie (Crypt:2)
  An ettin zombie (Crypt:3)
  Sigmund (D:6)
  A black mamba zombie (Crypt:3)
  A frost giant simulacrum (Abyss:5)
  3 flying skulls
  22 vampires (Crypt:3)
  6 air elementals
  62 yaks
  6 shadows
  38 ynoxinuls
  74 redbacks
  A tarantella (shapeshifter) (Vaults:2)
  27 tarantellas
  32 water elementals
  3 wyverns
  10 wraiths
  23 neqoxecs
  6 fire elementals
  A golden eye (shapeshifter) (Depths:2)
  8 golden eyes
  3 hungry ghosts
  14 hippogriffs
  43 chaos spawn
  2 human simulacra (Vaults:3)
  5 vampire mosquitoes
  6 mottled dragons
  3 basilisks
  An elf skeleton (Zig:12)
  10 wargs
  A mottled dragon (shapeshifter) (Vaults:5)
  A harpy simulacrum (Crypt:1)
  2 insubstantial wisps (Zig:5)
  A hydra simulacrum (Crypt:3)
  10 hell hounds
  43 large abominations
  18 water moccasins
  8 small abominations
  26 soldier ants
  21 porcupines
  2 swamp drakes (Zig:11)
  12 ice beasts
  A snapping turtle zombie (Crypt:3)
  A black bear (D:7)
  63 orc warriors
  2 sky beasts
  A black bear (shapeshifter) (Vaults:2)
  9 necrophages
  A phantom (D:6)
  5 wasps
  22 centaurs
  16 boggarts
  12 eyes of draining
  55 ogres
  2 snapping turtle skeletons
  A manticore skeleton (Crypt:3)
  20 crocodiles
  A blink frog skeleton (Crypt:3)
  3 big kobolds
  A fire drake skeleton (Crypt:1)
  17 giant frogs
  3 elf zombies (Elf:1)
  2 gnoll sergeants
  Blork the orc (D:5)
  A fire crab zombie (Crypt:3)
  A wyvern zombie (D:10)
  4 earth elementals
  2 water moccasin zombies
  A wyvern skeleton (D:12)
  2 scorpions
  A scorpion (shapeshifter) (Vaults:5)
  A killer bee (shapeshifter) (Vaults:3)
  43 killer bees
  5 wights
  2 electric eels
  21 jellies
  6 crimson imps
  6 centaur zombies
  19 starcursed masses (Abyss:5)
  A quasit (Depths:3)
  A wasp zombie (Crypt:1)
  A draconian simulacrum (IceCv)
  2 giant frog zombies
  A giant frog skeleton (D:5)
  22 orc wizards
  37 orc priests
  3 hounds
  An iron imp (Depths:3)
  16 iguanas
  Natasha (thrice) (D:3)
  A lightning spire (Zig:4)
  2 troll simulacra (IceCv)
  28 worker ants
  A killer bee zombie (D:5)
  A boulder beetle simulacrum (Vaults:1)
  27 sheep
  2 centaur simulacra (IceCv)
  A demigod zombie (Crypt:1)
  A dwarf zombie (Crypt:3)
  2 tengu zombies
  A crocodile skeleton (Crypt:2)
  11 mummies
  4 worker ant zombies
  15 gnolls
  An ogre simulacrum (IceCv)
  37 river rats
  A steam dragon zombie (Crypt:2)
  12 adders
  4 naga simulacra (IceCv)
  4 shadow imps
  6 white imps
  2 giant eyeballs (Depths:2)
  2 ufetubi (Depths:3)
  2 oozes
  An adder skeleton (D:9)
  A worm (D:1)
  5 giant geckos
  150 orcs
  A bat zombie (Crypt:1)
  4 giant cockroaches
  10 goblins
  7 hobgoblins
  14 jackals
  16 kobolds
  6 quokkas
  9 bats
  2 giant gecko skeletons
  3 giant newts
  A jackal zombie (D:6)
  3 quokka skeletons
  13 rats
  2 briar patches (Zig:11)
  4 crawling corpses (Elf:3)
  4 fire vortices (Pan)
  6 fungi
  A lurking horror (Abyss:5)
  11 plants
  11 tentacles
3929 creatures vanquished.

Vanquished Creatures (collateral kills)
  An orb of fire (Zot:5)
  A pandemonium lord (Pan)
  A golden dragon (Vaults:5)
  An electric golem (Zot:3)
  A Shadow Fiend (Pan)
  A titan (Vaults:5)
  An Executioner (Pan)
  A storm dragon (Vaults:5)
  A daeva (Zig:14)
  4 cacodemons (Pan)
  A frost giant (Vaults:5)
  3 vault wardens
  A ghost moth (Zot:3)
  A warmonger (Pan)
  A ghost moth (shapeshifter) (Vaults:5)
  3 very ugly things (Pan)
  A draconian shifter (Zot:3)
  An emperor scorpion (Spider:2)
  A reaper (Pan)
  A draconian annihilator (Zot:3)
  A blood saint (Pan)
  2 stone giants
  A green draconian (Zot:3)
  A deep elf demonologist (WizLab)
  A corrupter (Pan)
  A yellow draconian (Zot:3)
  A white draconian (Zot:3)
  An eidolon (Zig:9)
  A vault guard (Vaults:5)
  A yaktaur captain (Vaults:5)
  A great orb of eyes (Slime:3)
  2 hydras (Lair:8)
  A death yak (Lair:4)
  A deep troll shaman (Vaults:5)
  2 soul eaters (Pan)
  A deep elf knight (Vaults:3)
  Sonja (D:14)
  4 sun demons (Pan)
  A gelid demonspawn (Pan)
  An orc knight (Vaults:2)
  2 infernal demonspawn (Pan)
  2 torturous demonspawn (Pan)
  A phantasmal warrior (Vaults:5)
  A deep elf archer (Vaults:3)
  A flayed ghost (Vaults:5)
  An ironbrand convoker (Vaults:5)
  2 orb spiders (Spider:4)
  An ugly thing (Pan)
  A deep elf mage (Vaults:5)
  3 harpies
  A necromancer (Vaults:3)
  A shining eye (Slime:3)
  A hornet (Vaults:3)
  A sixfirhy (Pan)
  An elephant (Lair:4)
  2 black mambas
  2 spiny frogs
  A freezing wraith (Vaults:3)
  4 yaktaurs
  A hellion (Pan)
  2 orange demons (Pan)
  A red devil (Pan)
  An ice devil (Pan)
  2 demonic crawlers
  2 komodo dragons (Lair:1)
  4 blink frogs
  A redback (Vaults:5)
  A wraith (Lair:6)
  3 ynoxinuls (Pan)
  3 yaks
  2 chaos spawn (Pan)
  A large abomination (Pan)
  2 neqoxecs (Pan)
  A water moccasin (Lair:4)
  4 orc warriors
  An ogre (Vaults:5)
  A crocodile (Lair:4)
  A giant frog (Lair:7)
  3 crimson imps (D:14)
  5 jellies
  An iguana (Lair:1)
  8 river rats
  An ooze (Lair:6)
  4 orcs
  A fungus (Lair:7)
139 creatures vanquished.

Vanquished Creatures (others)
  An eldritch tentacle (Pan)
  A shadow dragon (Zot:3)
  A draconian zealot (Zot:2)
  A draconian scorcher (Zot:3)
  A draconian shifter (Zot:5)
  A merfolk javelineer (Shoals:4)
  An ogre mage (Vaults:1)
  2 titan zombies (Zig:13)
  A deep elf knight (Elf:1)
  A shadow wraith (Vaults:4)
  A torturous demonspawn (Pan)
  A sphinx zombie (Zig:13)
  A large abomination (Pan)
  A demonic crawler (Spider:4)
  A guardian mummy (Zig:6)
  An anaconda simulacrum (Abyss:5)
  An ice devil (Pan)
  A jumping spider (Spider:4)
  A redback (Spider:3)
  A tarantella (Spider:4)
  A neqoxec (Pan)
  A slave (D:5)
  A centaur (Depths:1)
  A boggart (Vaults:1)
  A worker ant (D:5)
  A statue (D:5)
  An orc (Vaults:2)
  A briar patch (Zig:11)
  2 bushes (D:8)
  66 eldritch tentacle segments (Pan)
  7 fungi
  5 lost souls
  21 plants
  8 starspawn tentacles
  3 starspawn tentacle segments (Abyss:1)
  14 tentacles
  1049 tentacle segments
1204 creatures vanquished.

Grand Total: 5272 creatures vanquished

Notes
Turn   | Place    | Note
--------------------------------------------------------------
     0 | D:1      | Gruud the Demonspawn Gladiator began the quest for the Orb.
     0 | D:1      | Reached XP level 1. HP: 16/16 MP: 1/1
    43 | D:1      | Reached skill level 3 in Axes
    68 | D:1      | Gained mutation: You regenerate a little health from kills. [demonic ancestry]
    68 | D:1      | Reached XP level 2. HP: 9/22 MP: 2/2
   787 | D:2      | Gained mutation: You are partially covered in molten scales (AC +1). [demonic ancestry]
   787 | D:2      | Reached XP level 3. HP: 23/27 MP: 3/3
   797 | D:2      | Found a burning altar of Makhleb.
   797 | D:2      | Noticed a balrug
   800 | D:2      | Noticed a hellwing
   800 | D:2      | Noticed an orange demon
   802 | D:2      | Became a worshipper of Makhleb the Destroyer
   877 | D:3      | Reached skill level 4 in Axes
  1000 | D:2      | Found an ancient bone altar of Kikubaaqudgha.
  1389 | D:3      | Reached * piety under Makhleb
  1567 | D:3      | Gained mutation: You are mostly covered in molten scales (AC +3, EV -1). [demonic ancestry]
  1567 | D:3      | Reached XP level 4. HP: 28/33 MP: 4/4
  1630 | D:3      | Noticed Natasha
  1647 | D:3      | Killed Natasha
  1857 | D:3      | Noticed M4edhros's ghost (amateur OpAr)
  1868 | D:3      | Noticed Natasha
  1879 | D:3      | Killed Natasha
  1879 | D:3      | Reached skill level 5 in Axes
  1894 | D:3      | Noticed Natasha
  2112 | D:3      | Reached XP level 5. HP: 38/38 MP: 5/5
  2225 | D:3      | Killed Natasha
  2400 | D:4      | Gained mutation: You have a pair of small antennae on your head. [potion of beneficial mutation]
  2454 | D:5      | Entered Level 5 of the Dungeon
  2454 | D:5      | Noticed an ogre
  2560 | D:5      | Killed an ogre
  2560 | D:5      | Reached skill level 6 in Axes
  2560 | D:5      | Reached XP level 6. HP: 44/44 MP: 6/6
  2715 | D:4      | Reached ** piety under Makhleb
  2947 | D:5      | Noticed Blork the orc
  2963 | D:5      | Killed Blork the orc
  3063 | D:5      | Reached skill level 7 in Axes
  3069 | D:5      | Gained mutation: You are completely covered in molten scales (AC +4, EV -1, rF+). [demonic ancestry]
  3069 | D:5      | Reached XP level 7. HP: 50/50 MP: 7/7
  3087 | D:5      | Found Gajitw Alie's Assorted Antiques.
  3102 | D:5      | Found a staircase to the Ecumenical Temple.
  3176 | D:5      | Found an opulent altar of Gozag.
  3178 | D:5      | Found a bloodstained altar of Trog.
  3351 | D:5      | Noticed Pikel
  3367 | D:5      | Killed Pikel
  3367 | D:5      | Reached skill level 9 in Axes
  3367 | D:5      | Reached XP level 8. HP: 47/56 MP: 8/8
  3386 | D:5      | Found a radiant altar of Vehumet.
  3484 | D:6      | Found a sacrificial altar of Ru.
  4326 | D:6      | Reached skill level 10 in Axes
  4508 | D:6      | Found a snail-covered altar of Cheibriados.
  4551 | D:6      | Reached *** piety under Makhleb
  4587 | D:7      | Reached skill level 1 in Invocations
  4729 | D:7      | Learned a level 3 spell: Regeneration
  4732 | D:7      | Learned a level 2 spell: Blink
  4735 | D:7      | Learned a level 2 spell: Repel Missiles
  4970 | D:7      | Found a shattered altar of Ashenzari.
  4982 | D:7      | Reached XP level 9. HP: 43/61 MP: 11/11
  5144 | D:7      | Reached skill level 11 in Axes
  5286 | D:6      | Reached skill level 1 in Armour
  5409 | D:6      | Noticed Sigmund
  5418 | D:6      | Killed Sigmund
  5687 | D:7      | Reached **** piety under Makhleb
  5955 | D:8      | Reached skill level 12 in Axes
  5986 | D:8      | Found a blossoming altar of Fedhas.
  6035 | D:8      | Noticed a queen bee
  6051 | D:8      | Killed a queen bee
  6051 | D:8      | Reached XP level 10. HP: 56/67 MP: 13/13
  6193 | D:8      | Learned a level 2 spell: Swiftness
  6259 | D:8      | Reached ***** piety under Makhleb
  6290 | D:8      | Reached skill level 13 in Axes
  6299 | D:8      | Reached skill level 5 in Armour
  6317 | D:8      | Found a staircase to the Lair.
  6705 | D:9      | Found Zin's Purification Station.
  6710 | D:9      | Found a glowing silver altar of Zin.
  6914 | D:9      | Noticed Shaidar413's ghost (novice TrBe)
  7300 | D:9      | Got an ichor-stained swamp dragon armour
  7311 | D:9      | Identified the +4 swamp dragon armour of Unambiguity {rPois rF+ rN+ Str+2 Int-5} (You found it on level 9 of the Dungeon)
  7411 | D:9      | Killed Shaidar413's ghost
  7411 | D:9      | Gained mutation: You are immune to rotting. [demonic ancestry]
  7411 | D:9      | Reached XP level 11. HP: 38/72 MP: 14/14
  7653 | D:10     | Entered Level 10 of the Dungeon
  8119 | D:10     | Found Usotatec's General Store.
  8201 | D:10     | Reached skill level 14 in Axes
  8368 | D:11     | Reached ****** piety under Makhleb
  8447 | D:11     | Found a flagged portal.
  8584 | Bailey   | Entered a bailey
  9028 | Bailey   | Got a brightly glowing executioner's axe
  9031 | Bailey   | Identified the +8 executioner's axe "Dep Pahu" {chop, Dex+2} (You found it in a bailey)
  9210 | D:11     | Upgraded the game from 0.18-a0-1197-g8004e50 to 0.18-a0-1229-ge9a1a01
  9535 | D:11     | Identified a scroll of acquirement {bailey}
  9617 | D:11     | Found Umaogrit's Antique Weapon Shoppe.
  9776 | D:10     | Found a staircase to the Orcish Mines.
  9896 | Orc:1    | Entered Level 1 of the Orcish Mines
 10127 | Lair:1   | Entered Level 1 of the Lair of Beasts
 10459 | Lair:1   | Reached skill level 15 in Axes
 10475 | Lair:1   | Noticed Prince Ribbit
 10486 | Lair:1   | Killed Prince Ribbit
 10622 | Lair:1   | Reached XP level 12. HP: 78/78 MP: 15/15
 10820 | Lair:1   | Noticed an eight-headed hydra
 10842 | Lair:1   | Killed an eight-headed hydra
 11970 | Lair:3   | Reached skill level 5 in Dodging
 12061 | Lair:3   | Noticed Gastronok
 12092 | Lair:3   | Killed Gastronok
 12092 | Lair:3   | Reached skill level 16 in Axes
 12230 | Lair:3   | Learned a level 1 spell: Apportation
 12232 | Lair:3   | Learned a level 1 spell: Animate Skeleton
 12297 | Lair:3   | Noticed a five-headed hydra
 12307 | Lair:3   | Killed a six-headed hydra
 12514 | Lair:3   | Gained mutation: You may emit foul miasma when damaged in melee. [demonic ancestry]
 12514 | Lair:3   | Reached XP level 13. HP: 83/83 MP: 16/16
 12727 | Lair:4   | Found a hole to the Spider Nest.
 13205 | Lair:5   | Upgraded the game from 0.18-a0-1229-ge9a1a01 to 0.18-a0-1243-g9e52518
 13893 | Lair:6   | Reached skill level 17 in Axes
 13893 | Lair:6   | Reached skill level 10 in Armour
 13956 | Lair:6   | Found a staircase to the Slime Pits.
 13957 | Lair:6   | Noticed Josephine
 13967 | Lair:6   | Killed Josephine
 14288 | Lair:6   | Found a staircase to the Shoals.
 14533 | Lair:7   | Found a shattered altar of Ashenzari.
 15191 | Lair:8   | Entered Level 8 of the Lair of Beasts
 15207 | Lair:8   | Reached XP level 14. HP: 90/90 MP: 17/17
 15472 | Lair:8   | Got a faintly glowing plate armour
 15498 | Lair:8   | Identified the cursed +1 plate armour "Kyequgao" {rElec Dex+3} (You found it on level 8 of the Lair of Beasts)
 16019 | Lair:8   | Reached skill level 18 in Axes
 16268 | Lair:8   | 3rd exec...
 16268 | Lair:8   | Upgraded the game from 0.18-a0-1243-g9e52518 to 0.18-a0-1267-gff090c1
 16272 | Lair:8   | +1 Draining Executioner's
 16716 | Orc:1    | Noticed Nergalle
 16723 | Orc:1    | Killed Nergalle
 16916 | Orc:2    | Entered Level 2 of the Orcish Mines
 18160 | Orc:2    | Found a staircase to the Elven Halls.
 18412 | Orc:2    | Noticed an orc warlord
 18445 | Orc:2    | Killed an orc warlord
 18471 | Orc:2    | Found a roughly hewn altar of Beogh.
 18492 | Orc:2    | Found Cekyur's Jewellery Shoppe.
 18569 | Orc:2    | Bought a cursed amulet of inaccuracy for 30 gold pieces
 18622 | Orc:2    | Reached XP level 15. HP: 90/95 MP: 18/18
 18703 | Orc:2    | Found Noal's Gadget Boutique.
 18888 | Orc:2    | Found a roughly hewn altar of Beogh.
 18908 | Orc:2    | Found Vema's Magic Scroll Boutique.
 18922 | Orc:2    | Bought a scroll of enchant armour for 120 gold pieces
 18922 | Orc:2    | Bought a scroll of enchant weapon for 120 gold pieces
 18922 | Orc:2    | Bought a scroll of enchant armour for 120 gold pieces
 18922 | Orc:2    | Bought a scroll of enchant armour for 120 gold pieces
 18922 | Orc:2    | Bought a scroll of teleportation for 48 gold pieces
 18922 | Orc:2    | Bought a scroll of enchant weapon for 120 gold pieces
 18922 | Orc:2    | Bought a scroll of magic mapping for 56 gold pieces
 18933 | Orc:2    | Found Anomefy's Jewellery Shop.
 18945 | Orc:2    | Bought a +4 ring of evasion for 468 gold pieces
 18950 | Orc:2    | Bought an uncursed ring of see invisible for 195 gold pieces
 19952 | D:12     | Gained mutation: You expend magic power (3 MP) to strengthen your wands. [potion of mutation]
 19952 | D:12     | Gained mutation: Your muscles are strong. (Str +2) [potion of mutation]
 19952 | D:12     | Gained mutation: You have sharp toenails. [potion of mutation]
 19953 | D:12     | Lost mutation: Your muscles are strong. (Str +2) [potion of mutation]
 19953 | D:12     | Gained mutation: You possess an exceptional clarity of mind. [potion of mutation]
 19954 | D:12     | Gained mutation: Your muscles are strong. (Str +2) [potion of mutation]
 19954 | D:12     | Gained mutation: You have an increased reservoir of magic (+10% MP). [potion of mutation]
 19954 | D:12     | Gained mutation: You can translocate small distances at will. [potion of mutation]
 19955 | D:12     | Gained mutation: Your flesh is heat resistant. [potion of mutation]
 20564 | D:13     | Found a bloodstained altar of Trog.
 20860 | D:13     | Reached skill level 19 in Axes
 21370 | D:14     | Reached skill level 10 in Dodging
 21473 | D:14     | Noticed Sonja
 21624 | D:14     | Got a clouded wooden ring
 21626 | D:14     | Identified the ring "Keqadaax" {Fragile +Inv Int+4 Dex+3} (You found it on level 14 of the Dungeon)
 21663 | D:14     | Found a gate to the Vaults.
 21671 | D:14     | Noticed Frances
 21690 | D:14     | Killed Frances
 21937 | D:14     | Found a frozen archway.
 21952 | IceCv    | Entered an ice cave
 22796 | D:14     | Killed Sonja
 22813 | D:15     | Entered Level 15 of the Dungeon
 22941 | D:15     | Got a faintly glowing tin ring
 22942 | D:15     | Identified the ring "Ocigy" {+Fly MR++ SInv} (You found it on level 15 of the Dungeon)
 22995 | D:15     | Found an oddly glowing altar of Pakellas.
 23633 | D:15     | Gained mutation: You regenerate health from kills. [demonic ancestry]
 23633 | D:15     | Reached XP level 16. HP: 101/101 MP: 20/20
 23809 | D:15     | Found a staircase to the Depths.
 24176 | Spider:1 | Entered Level 1 of the Spider Nest
 24960 | Spider:2 | Reached skill level 20 in Axes
 25886 | Spider:1 | You fall through a shaft!
 26019 | Spider:2 | Upgraded the game from 0.18-a0-1267-gff090c1 to 0.18-a0-1273-g8ec5f8e
 26457 | Spider:4 | Entered Level 4 of the Spider Nest
 26752 | Spider:4 | Lost mutation: You have sharp toenails. [demonic ancestry]
 26752 | Spider:4 | Gained mutation: You have large cloven feet. [demonic ancestry]
 26752 | Spider:4 | Reached XP level 17. HP: 106/106 MP: 18/22
 27040 | Spider:4 | Upgraded the game from 0.18-a0-1273-g8ec5f8e to 0.18-a0-1285-g60d00e1
 27220 | Spider:4 | Reached skill level 5 in Invocations
 27400 | Spider:4 | Got a gossamer rune of Zot
 27667 | Shoals:1 | Entered Level 1 of the Shoals
 27762 | Shoals:1 | Noticed a kraken
 27775 | Shoals:1 | Killed a kraken
 27804 | Shoals:1 | Noticed Louise
 27825 | Shoals:1 | Killed Louise
 28314 | Shoals:2 | Reached skill level 21 in Axes
 28486 | Shoals:2 | Found a runed door.
 29267 | Shoals:3 | Got a scorched helmet
 29268 | Shoals:3 | Identified the +0 helmet "Ixephoi" {Int+5} (You found it on level 3 of the Shoals)
 29430 | Shoals:3 | Found a burning altar of Makhleb.
 29435 | Shoals:3 | Noticed a kraken
 29450 | Shoals:3 | Killed a kraken
 29561 | Shoals:4 | Entered Level 4 of the Shoals
 29561 | Shoals:4 | Noticed Jorgrun
 29579 | Shoals:4 | Killed Jorgrun
 29579 | Shoals:4 | Reached skill level 10 in Invocations
 29608 | Shoals:4 | Gained mutation: You have hoof-like feet. [demonic ancestry]
 29608 | Shoals:4 | Reached XP level 18. HP: 106/112 MP: 28/28
 29744 | Shoals:4 | Got a barnacled rune of Zot
 29910 | Shoals:4 | Noticed Polyphemus
 29931 | Shoals:4 | Killed Polyphemus
 30142 | Shoals:4 | Got a brightly glowing crystal plate armour
 30144 | Shoals:4 | Identified the +2 crystal plate armour "Guudush" {rF- rN++ Int+7} (You found it on level 4 of the Shoals)
 30286 | Shoals:4 | Noticed Ilsuiw
 30310 | Shoals:4 | Killed Ilsuiw
 31039 | Vaults:1 | Entered Level 1 of the Vaults
 31039 | Vaults:1 | Found an oddly glowing altar of Pakellas.
 32299 | Vaults:1 | Reached skill level 15 in Armour
 32594 | Vaults:2 | Found a portal to a secret trove of treasure.
 32648 | Vaults:2 | Reached skill level 22 in Axes
 32705 | Vaults:2 | Reached skill level 5 in Fighting
 32921 | Vaults:2 | Gained mutation: You have hooves in place of feet. [demonic ancestry]
 32921 | Vaults:2 | Reached XP level 19. HP: 126/126 MP: 32/32
 33647 | Vaults:2 | Noticed a lich
 33663 | Vaults:2 | Killed a lich
 33716 | Vaults:2 | Found Sakef's Jewellery Shoppe.
 33723 | Vaults:2 | Bought the ring of the Swan {*Drain rN++ MP+9 Int+3} for 802 gold pieces
 33845 | Vaults:3 | Noticed Frederick
 33852 | Vaults:3 | Killed Frederick
 33917 | Vaults:3 | Found a magical portal.
 33925 | WizLab   | Entered The Hall of Zoat the Hellbinder
 34114 | WizLab   | Noticed Borgoz's ghost (adept MiFi)
 34147 | WizLab   | Killed Borgoz's ghost
 34664 | Vaults:3 | Not worth doing that wizlab, burned way too many heal w
 34738 | Vaults:3 | Reached skill level 15 in Invocations
 34960 | Vaults:3 | Noticed Margery
 34983 | Vaults:3 | Killed Margery
 35330 | Vaults:3 | Reached XP level 20. HP: 144/144 MP: 35/35
 35448 | Vaults:3 | Found a staircase to the Crypt.
 35738 | Vaults:4 | Noticed Xtahua
 35756 | Vaults:4 | Killed Xtahua
 36027 | Vaults:4 | Reached skill level 10 in Fighting
 36191 | Vaults:4 | Noticed Aizul
 36210 | Vaults:4 | Killed Aizul
 36564 | Vaults:4 | Reached skill level 23 in Axes
 36809 | Vaults:4 | Noticed Saint Roka
 36826 | Vaults:4 | Killed Saint Roka
 37083 | Vaults:4 | Upgraded the game from 0.18-a0-1285-g60d00e1 to 0.18-a0-1292-ge8ad84c
 37083 | Vaults:4 | Upgraded the game from 0.18-a0-1292-ge8ad84c to 0.18-a0-1293-g5a2c81a
 37087 | Vaults:4 | Learned a level 3 spell: Spectral Weapon
 37090 | Vaults:4 | Learned a level 2 spell: Song of Slaying
 37096 | Vaults:5 | Entered Level 5 of the Vaults
 37103 | Vaults:5 | Reached skill level 1 in Charms
 37118 | Vaults:5 | Gained mutation: You are robust (+10% HP). [demonic ancestry]
 37118 | Vaults:5 | Reached XP level 21. HP: 151/172 MP: 36/36
 37129 | Vaults:5 | Noticed an ancient lich
 37154 | Vaults:5 | Killed an ancient lich
 37187 | Vaults:5 | Reached skill level 5 in Charms
 37227 | Vaults:5 | Got a coiled glass ring
 37269 | Vaults:5 | Noticed a golden dragon
 37279 | Vaults:5 | Killed a golden dragon
 37376 | Vaults:5 | Got a smoking plate armour
 37388 | Vaults:5 | Identified the cursed +0 plate armour of Ymmapsi {*Drain Str+3 Int+2} (You took it off a vault warden on level 5 of the Vaults)
 37873 | Vaults:5 | Noticed inmateoo's ghost (legendary GrVM)
 38468 | Vaults:5 | Got a silver rune of Zot
 38475 | Vaults:5 | Identified the Volume of the Glacier (You found it on level 5 of the Vaults)
 38506 | Vaults:5 | Gained mutation: You frequently emit foul miasma when damaged in melee. [demonic ancestry]
 38506 | Vaults:5 | Reached XP level 22. HP: 187/187 MP: 37/37
 38610 | Vaults:5 | Noticed a golden dragon
 38619 | Vaults:5 | Killed a golden dragon
 38853 | Vaults:5 | Reached skill level 24 in Axes
 38922 | Vaults:5 | Found Tibriet's Weapon Boutique.
 39014 | Vaults:5 | Identified the ring of Duitar {rPois rC+ MR- Str+3} (You took it off a yaktaur on level 5 of the Vaults)
 39750 | Elf:1    | Entered Level 1 of the Elven Halls
 40004 | Elf:1    | Noticed Azrael
 40018 | Elf:1    | Killed Azrael
 40163 | Elf:1    | Noticed Agnes
 40172 | Elf:1    | Killed Agnes
 40295 | Elf:1    | Identified Kikubaaqudgha's Almanac of Unholy Arts
 40530 | Elf:2    | Noticed Roxanne
 40586 | Elf:2    | Found a runed gate.
 40586 | Elf:2    | Found a runed gate.
 40586 | Elf:2    | Found a runed gate.
 40970 | Elf:3    | Entered Level 3 of the Elven Halls
 41010 | Elf:3    | Reached skill level 10 in Charms
 41086 | Elf:3    | Got a vibrating tin amulet
 41087 | Elf:3    | Identified the amulet "Sucuah" {Reflect rN+++ MR+ Slay-4 SH+4} (You took it off a deep elf blademaster on level 3 of the Elven Halls)
 41304 | Elf:3    | Found Temmugic's Antique Weapon Emporium.
 41390 | Elf:3    | Reached skill level 15 in Fighting
 41514 | Elf:3    | Gained mutation: You are very robust (+20% HP). [demonic ancestry]
 41514 | Elf:3    | Reached XP level 23. HP: 192/217 MP: 32/38
 41832 | Elf:3    | Got a wavering iron ring
 41833 | Elf:3    | Identified the ring "Komnyres" {SustAt rElec rPois} (You took it off a deep elf mage on level 3 of the Elven Halls)
 42586 | Crypt:1  | Entered Level 1 of the Crypt
 42954 | Crypt:1  | Learned a level 6 spell: Haste
 44425 | Crypt:3  | Entered Level 3 of the Crypt
 44425 | Crypt:3  | Noticed an ancient lich
 44433 | Crypt:3  | Killed an ancient lich
 44660 | Crypt:3  | Reached skill level 1 in Spellcasting
 44883 | Crypt:3  | Found a staircase to the Tomb.
 45302 | Crypt:3  | Reached skill level 25 in Axes
 45446 | Crypt:3  | Learned a level 4 spell: Passage of Golubria
 45526 | Crypt:3  | Gained mutation: You regenerate a lot of health from kills. [demonic ancestry]
 45526 | Crypt:3  | Reached XP level 24. HP: 213/231 MP: 29/38
 45654 | Crypt:3  | Identified the Volume of Necromancy (You found it on level 3 of the Crypt)
 45681 | Crypt:3  | Identified Soufaargh's Tome of Malediction (You found it on level 3 of the Crypt)
 46094 | Depths:1 | Entered Level 1 of the Depths
 46488 | Depths:1 | Found a one-way gate to the infinite horrors of the Abyss.
 46522 | Depths:1 | Found a gateway to a ziggurat.
 46526 | Depths:1 | Found a gateway to Hell.
 46554 | Depths:1 | Found a one-way gate leading to the halls of Pandemonium.
 47272 | Depths:2 | Paralysed by a giant eyeball for 2 turns
 47380 | Depths:2 | Reached skill level 5 in Spellcasting
 47444 | Depths:2 | Found a deep blue altar of Sif Muna.
 47499 | Depths:2 | Got a slimy glass ring
 47500 | Depths:2 | Identified the ring "Owitevutai" {Ice rElec rPois rN++ MP+9} (You found it on level 2 of the Depths)
 47608 | Depths:2 | Found an opulent altar of Gozag.
 47674 | Depths:2 | Got a slimy gossamer ring
 47675 | Depths:2 | Identified the ring of Zore {rCorr *Contam Str+8 Int+3 Stlth+} (You found it on level 2 of the Depths)
 47778 | Depths:2 | Found an opulent altar of Gozag.
 47830 | Depths:2 | Got a scorched platinum ring
 47831 | Depths:2 | Identified the ring of Xom's Supremacy {rF+ SInv} (You found it on level 2 of the Depths)
 47921 | Depths:3 | Noticed a juggernaut
 47936 | Depths:3 | Killed a juggernaut
 47936 | Depths:3 | Reached XP level 25. HP: 234/243 MP: 19/38
 48352 | Depths:3 | Gained mutation: Scrolls take you a little longer to read. [a neqoxec]
 49265 | Depths:4 | Reached skill level 15 in Charms
 49391 | Depths:4 | Learned a level 5 spell: Silence
 49420 | Depths:4 | Reached skill level 26 in Axes
 49882 | Depths:4 | Identified the Handbook of Evil Secrets
 49886 | Depths:4 | Learned a level 2 spell: Sublimation of Blood
 49985 | Depths:5 | Entered Level 5 of the Depths
 50327 | Depths:5 | Noticed a juggernaut
 50342 | Depths:5 | Killed a juggernaut
 50480 | Depths:5 | Gained mutation: You are extremely robust (+30% HP). [demonic ancestry]
 50480 | Depths:5 | Reached XP level 26. HP: 248/279 MP: 38/38
 50817 | Depths:5 | Found a gate to the Realm of Zot.
 50840 | Zot:1    | Entered Level 1 of the Realm of Zot
 51436 | Zot:1    | Learned a level 8 spell: Death's Door
 53343 | Zot:3    | Reached skill level 10 in Spellcasting
 53343 | Zot:3    | Reached XP level 27. HP: 291/291 MP: 40/40
 54304 | Zot:5    | Entered Level 5 of the Realm of Zot
 54613 | Zot:5    | Noticed an ancient lich
 54618 | Zot:5    | Killed an ancient lich
 54670 | Zot:5    | Noticed an ancient lich
 54684 | Zot:5    | Killed an ancient lich
 54800 | Zot:5    | Noticed an ancient lich
 54885 | Zot:5    | Noticed an ancient lich
 54906 | Zot:5    | Killed an ancient lich
 54937 | Zot:5    | Noticed an orb of fire
 54957 | Zot:5    | Noticed an ancient lich
 54960 | Zot:5    | Killed an orb of fire
 54994 | Zot:5    | Killed an ancient lich
 55100 | Zot:5    | Noticed an orb of fire
 55114 | Zot:5    | Killed an orb of fire
 55184 | Zot:5    | Upgraded the game from 0.18-a0-1293-g5a2c81a to 0.18-a0-1300-g6e8322c
 55940 | Slime:1  | Entered Level 1 of the Pits of Slime
 56131 | Slime:5  | Gained mutation: You are dopey. (Int -2) [a shining eye]
 56134 | Slime:5  | Lost mutation: Your muscles are strong. (Str +2) [a shining eye]
 56163 | Slime:6  | Entered Level 6 of the Pits of Slime
 56220 | Slime:6  | Found a viscous altar of Jiyva.
 56222 | Slime:6  | Noticed the Royal Jelly
 56234 | Slime:6  | Killed the Royal Jelly
 56293 | Slime:6  | Got a fine tin ring
 56317 | Slime:6  | Got a slimy rune of Zot
 56325 | Slime:6  | Identified the ring "Hoidwumy" {rPois MR+ MP+9 SInv} (You found it on level 6 of the Pits of Slime)
 56327 | Slime:6  | Identified the Collected Works on the Hurtful Volcanoes (You found it on level 6 of the Pits of Slime)
 56330 | Slime:6  | Identified Sif Muna's Reference Book on Summoning (You found it on level 6 of the Pits of Slime)
 56534 | Slime:1  | Learned a level 8 spell: Borgnjor's Revivification
 56717 | D:9      | Bought a potion of cure mutation for 750 gold pieces
 56818 | D:5      | Bought a scroll of brand weapon for 540 gold pieces
 56818 | D:5      | Bought a potion of heal wounds for 135 gold pieces
 56818 | D:5      | Bought a potion of haste for 270 gold pieces
 56820 | D:5      | Bought a scroll of summoning for 256 gold pieces
 56820 | D:5      | Bought a scroll of identify for 54 gold pieces
 57229 | Vaults:2 | You paid a toll of 23 scrolls of identify to enter a treasure trove
 57230 | Trove    | Entered a treasure trove
 57277 | Vaults:2 | Cast into level 5 of the Abyss (a distortion unwield)
 57277 | Abyss:5  | Entered Level 5 of the Abyss
 57644 | Abyss:5  | Got an abyssal rune of Zot
 57659 | Abyss:5  | Paralysed by accursed screaming for 1 turns
 57667 | Abyss:5  | Paralysed by accursed screaming for 1 turns
 57796 | Abyss:5  | Paralysed by accursed screaming for 1 turns
 57850 | Vaults:2 | Escaped the Abyss
 57852 | Vaults:2 | 4 normal executioners (dropped 1 in abyss) + 2 +8 artefact ones
 57852 | Vaults:2 | I guess I chose the right weapon type this game
 57854 | Vaults:2 | Upgraded the game from 0.18-a0-1300-g6e8322c to 0.18-a0-1303-g41c131c
 58055 | Pan      | Entered Pandemonium
 58238 | Pan      | Found an exit through the horrors of the Abyss.
 58444 | Pan      | Noticed Hokkud the pandemonium lord
 58464 | Pan      | Killed Hokkud the pandemonium lord
 58646 | Pan      | Reached skill level 15 in Dodging
 59253 | Pan      | Noticed Zid Ania the pandemonium lord
 59271 | Pan      | Killed Zid Ania the pandemonium lord
 59363 | Pan      | Found an exit through the horrors of the Abyss.
 59832 | Pan      | Found an exit through the horrors of the Abyss.
 59862 | Pan      | Noticed Xaned the pandemonium lord
 59873 | Pan      | Killed Xaned the pandemonium lord
 60082 | Pan      | Reached skill level 1 in Hexes
 60345 | Pan      | Entered the realm of Cerebov.
 60346 | Pan      | Got an ancient turquoise ring
 60362 | Pan      | Identified the ring of Kuguss {+Blink rPois rF+ rN+ Str-2 Int+4} (You found it in Pandemonium)
 60364 | Pan      | Identified the Reference Book on Black Rituals (You found it in Pandemonium)
 60482 | Pan      | Identified the Tome of Evil (You found it in Pandemonium)
 60647 | Pan      | Noticed Cerebov
 60691 | Pan      | Killed Cerebov
 60719 | Pan      | Reached skill level 5 in Hexes
 60752 | Pan      | Got a fiery rune of Zot
 60935 | Pan      | Found an exit through the horrors of the Abyss.
 62447 | Pan      | Noticed Vybbo the pandemonium lord
 62457 | Pan      | Killed Vybbo the pandemonium lord
 62507 | Pan      | Noticed Ojuah the pandemonium lord
 62545 | Pan      | Killed Ojuah the pandemonium lord
 62546 | Pan      | Gained mutation: Armour fits poorly on your strangely shaped body. [a cacodemon]
 62639 | Pan      | Found an exit through the horrors of the Abyss.
 63283 | Pan      | Got a sparkling ruby amulet
 63287 | Pan      | Identified the amulet "Bevvam" {RegenMP Str+4 Dex+4} (You found it in Pandemonium)
 63335 | Pan      | Reached skill level 10 in Hexes
 63371 | Pan      | Noticed Tuvigic the pandemonium lord
 63387 | Pan      | Killed Tuvigic the pandemonium lord
 63765 | Pan      | Found an exit through the horrors of the Abyss.
 64094 | Pan      | Noticed Vaidurit the pandemonium lord
 64109 | Pan      | Killed Vaidurit the pandemonium lord
 64216 | Pan      | Found an exit through the horrors of the Abyss.
 64877 | Pan      | Upgraded the game from 0.18-a0-1303-g41c131c to 0.18-a0-1312-gf98331d
 64936 | Pan      | Reached skill level 1 in Air Magic
 65268 | Pan      | Noticed Hoceff the pandemonium lord
 65298 | Pan      | Killed Hoceff the pandemonium lord
 65486 | Pan      | Found an exit through the horrors of the Abyss.
 65859 | Pan      | Noticed Totunicu the pandemonium lord
 65871 | Pan      | Killed Totunicu the pandemonium lord
 65968 | Pan      | Reached skill level 5 in Air Magic
 65987 | Pan      | Found an exit through the horrors of the Abyss.
 66250 | Pan      | Found a runed door.
 66310 | Pan      | Gained mutation: You are weak. (Str -2) [a cacodemon]
 66339 | Pan      | Found a runed door.
 66350 | Pan      | Found a runed door.
 66466 | Pan      | Found a runed door.
 66586 | Pan      | Found an exit through the horrors of the Abyss.
 66608 | Pan      | Gained mutation: You regenerate slowly when monsters are visible. [a cacodemon]
 66620 | Pan      | Lost mutation: You have a pair of small antennae on your head. [potion of cure mutation]
 66620 | Pan      | Lost mutation: Scrolls take you a little longer to read. [potion of cure mutation]
 66620 | Pan      | Lost mutation: You are weak. (Str -2) [potion of cure mutation]
 66620 | Pan      | Lost mutation: You can translocate small distances at will. [potion of cure mutation]
 66620 | Pan      | Lost mutation: You expend magic power (3 MP) to strengthen your wands. [potion of cure mutation]
 66621 | Pan      | Lost mutation: Your flesh is heat resistant. [potion of cure mutation]
 66621 | Pan      | Lost mutation: You have an increased reservoir of magic (+10% MP). [potion of cure mutation]
 66621 | Pan      | Lost mutation: You are dopey. (Int -2) [potion of cure mutation]
 66621 | Pan      | Lost mutation: You possess an exceptional clarity of mind. [potion of cure mutation]
 66621 | Pan      | Lost mutation: Armour fits poorly on your strangely shaped body. [potion of cure mutation]
 66742 | Pan      | Noticed Zuykhuv the pandemonium lord
 66757 | Pan      | Killed Zuykhuv the pandemonium lord
 66788 | Pan      | Got a demonic rune of Zot
 66815 | Pan      | Upgraded the game from 0.18-a0-1312-gf98331d to 0.18-a0-1390-gc02854d
 66825 | Pan      | Gained mutation: Your body sometimes deteriorates upon taking damage. [potion of mutation]
 66825 | Pan      | Gained mutation: Your spells are a little harder to cast, but a little more powerful. [potion of mutation]
 66825 | Pan      | Gained mutation: Your movements are slightly less encumbered by armour (ER -2). [potion of mutation]
 66826 | Pan      | Lost mutation: Your body sometimes deteriorates upon taking damage. [potion of cure mutation]
 66826 | Pan      | Lost mutation: Your movements are slightly less encumbered by armour (ER -2). [potion of cure mutation]
 66826 | Pan      | Lost mutation: Your spells are a little harder to cast, but a little more powerful. [potion of cure mutation]
 66826 | Pan      | Lost mutation: You regenerate slowly when monsters are visible. [potion of cure mutation]
 67084 | Pan      | Noticed Linly the pandemonium lord
 67100 | Pan      | Killed Linly the pandemonium lord
 67394 | Pan      | Found an exit through the horrors of the Abyss.
 67675 | Pan      | Gained mutation: Armour fits poorly on your strangely shaped body. [a neqoxec]
 67800 | Pan      | Found an exit through the horrors of the Abyss.
 67863 | Pan      | Paralysed by a chaos spawn for 3 turns
 68106 | Pan      | Noticed Zaec the pandemonium lord
 68134 | Pan      | Killed Zaec the pandemonium lord
 68134 | Pan      | Paralysed by a giant eyeball for 2 turns
 68501 | Pan      | Found an exit through the horrors of the Abyss.
 68778 | Pan      | Entered the realm of Gloorx Vloq.
 68778 | Pan      | Noticed Gloorx Vloq
 68796 | Pan      | Killed Gloorx Vloq
 68796 | Pan      | Reached skill level 10 in Air Magic
 68856 | Pan      | Got a dark rune of Zot
 69205 | Pan      | Found an exit through the horrors of the Abyss.
 69898 | Pan      | Found an exit through the horrors of the Abyss.
 70228 | Pan      | Noticed Yfirynis the pandemonium lord
 70242 | Pan      | Killed Yfirynis the pandemonium lord
 70382 | Pan      | Gained mutation: You have sharp fingernails. [a cacodemon]
 70412 | Pan      | Gained mutation: You are dopey. (Int -2) [mutagenic glow]
 70468 | Pan      | Gained mutation: You are occasionally teleported next to monsters. [mutagenic glow]
 70469 | Pan      | I had cancelation pots :|
 70469 | Pan      | Upgraded the game from 0.18-a0-1390-gc02854d to 0.18-a0-1405-g73f4075
 70471 | Pan      | Entered the realm of Mnoleg.
 70678 | Pan      | Gained mutation: You have a pair of small horns on your head. [a neqoxec]
 70716 | Pan      | Noticed Mnoleg
 70716 | Pan      | Gained mutation: You expend magic power (3 MP) to strengthen your wands. [a cacodemon]
 70718 | Pan      | Gained mutation: Scrolls take you a little longer to read. [a cacodemon]
 70728 | Pan      | Paralysed by a giant eyeball for 4 turns
 70735 | Pan      | Gained mutation: You are clumsy. (Dex -2) [a cacodemon]
 70858 | Pan      | Paralysed by a giant eyeball for 3 turns
 70859 | Pan      | Gained mutation: Your body sometimes deteriorates upon taking damage. [mutagenic touch]
 70878 | Pan      | Killed Mnoleg
 70878 | Pan      | Gained mutation: You occasionally shout uncontrollably at your foes. [a neqoxec]
 70887 | Pan      | Got a glowing rune of Zot
 70893 | Pan      | Gained mutation: Your body often deteriorates upon taking damage. [a neqoxec]
 70904 | Pan      | Gained mutation: You are very clumsy. (Dex -4) [a neqoxec]
 70906 | Pan      | Gained mutation: Potions and wands are less effective at restoring your health. [a neqoxec]
 70931 | Pan      | Lost mutation: You are very clumsy. (Dex -4) [mutagenic meat]
 70932 | Pan      | Lost mutation: Your body often deteriorates upon taking damage. [mutagenic meat]
 70934 | Pan      | Lost mutation: Your body sometimes deteriorates upon taking damage. [mutagenic meat]
 70936 | Pan      | Lost mutation: Scrolls take you a little longer to read. [mutagenic meat]
 70937 | Pan      | Lost mutation: You have a pair of small horns on your head. [mutagenic meat]
 70938 | Pan      | Gained mutation: Your system is resistant to poisons. [mutagenic meat]
 70939 | Pan      | Gained mutation: You have a pair of small horns on your head. [mutagenic meat]
 70941 | Pan      | Lost mutation: You expend magic power (3 MP) to strengthen your wands. [mutagenic meat]
 71145 | Pan      | Gained mutation: You sometimes yell uncontrollably at your foes. [a neqoxec]
 71242 | Pan      | Gained mutation: You expend magic power (3 MP) to strengthen your wands. [a cacodemon]
 71260 | Pan      | Found an exit through the horrors of the Abyss.
 71303 | Pan      | Gained mutation: You are weak. (Str -2) [a neqoxec]
 71329 | Pan      | Gained mutation: You are very clumsy. (Dex -4) [a shining eye]
 71790 | Pan      | Need to do something about my muts
 71791 | Pan      | Took an exit into the Abyss.
 71791 | Abyss:1  | Escaped into the Abyss
 71953 | Depths:1 | Escaped the Abyss
 72125 | Zot:2    | Gained mutation: Scrolls take you a little longer to read. [potion of mutation]
 72125 | Zot:2    | Lost mutation: You are weak. (Str -2) [potion of mutation]
 72513 | Vaults:4 | Lost mutation: You have a pair of small horns on your head. [potion of mutation]
 72513 | Vaults:4 | Lost mutation: You have sharp fingernails. [potion of mutation]
 72652 | Vaults:4 | Gained mutation: You have a pair of small antennae on your head. [potion of mutation]
 72652 | Vaults:4 | Gained mutation: You evolve. [potion of mutation]
 72766 | Crypt:2  | Lost mutation: You are dopey. (Int -2) [potion of mutation]
 73102 | Zig:1    | Entered Level 1 of a ziggurat
 73123 | Zig:1    | Lost mutation: You are very clumsy. (Dex -4) [evolution]
 73131 | Zig:2    | Entered Level 2 of a ziggurat
 73154 | Zig:3    | Entered Level 3 of a ziggurat
 73189 | Zig:4    | Entered Level 4 of a ziggurat
 73223 | Zig:5    | Entered Level 5 of a ziggurat
 73280 | Zig:5    | Learned a level 6 spell: Deflect Missiles
 73296 | Zig:6    | Entered Level 6 of a ziggurat
 73371 | Zig:7    | Entered Level 7 of a ziggurat
 73408 | Zig:7    | Lost mutation: Armour fits poorly on your strangely shaped body. [mutagenic meat]
 73409 | Zig:7    | Gained mutation: You are covered in fur (AC +1). [mutagenic meat]
 73410 | Zig:7    | Lost mutation: Your system is resistant to poisons. [mutagenic meat]
 73461 | Zig:7    | Identified the Volume of Summoning (You found it on level 7 of a ziggurat)
 73468 | Zig:7    | Got a scorched brass ring
 73473 | Zig:7    | Identified the ring of Guleedo {Fire Str+3} (You found it on level 7 of a ziggurat)
 73578 | Zig:8    | Entered Level 8 of a ziggurat
 73666 | Zig:9    | Entered Level 9 of a ziggurat
 73677 | Zig:9    | Noticed an ancient lich
 73697 | Zig:9    | Killed an ancient lich
 73763 | Zig:9    | Identified the Incunabulum of Evil Secrets (You found it on level 9 of a ziggurat)
 73772 | Zig:9    | Got a faintly glowing executioner's axe
 73779 | Zig:9    | Identified the cursed +0 executioner's axe of Useffeg {flame, Dex+2} (You found it on level 9 of a ziggurat)
 73849 | Zig:10   | Entered Level 10 of a ziggurat
 73937 | Zig:10   | Gained mutation: Your magical capacity is low (-10% MP). [a shining eye]
 73981 | Zig:10   | Got a twitching bone ring
 73984 | Zig:10   | Identified the ring of Luomoupo {+Fly rN+ Str+3} (You found it on level 10 of a ziggurat)
 73988 | Zig:10   | Got a faintly glowing pewter ring
 73991 | Zig:10   | Identified the ring of Libitz {rPois MP+9 Slay+2} (You found it on level 10 of a ziggurat)
 73993 | Zig:10   | Got a smoking glass ring
 73996 | Zig:10   | Identified the ring "Guleuwe" {rCorr Int+4} (You found it on level 10 of a ziggurat)
 74061 | Zig:11   | Entered Level 11 of a ziggurat
 74161 | Zig:11   | Identified Sif Muna's Reference Book on Execration
 74231 | Zig:12   | Entered Level 12 of a ziggurat
 74313 | Zig:12   | Reached skill level 15 in Air Magic
 74359 | Zig:12   | Identified the Tome of Fiery Attacks
 74399 | Zig:13   | Entered Level 13 of a ziggurat
 74553 | Zig:13   | Got a crude ivory ring
 74557 | Zig:13   | Identified the ring of Katops {Fire Dex+4} (You found it on level 13 of a ziggurat)
 74561 | Zig:14   | Entered Level 14 of a ziggurat
 74595 | Zig:14   | Mangled by a pearl dragon

Vault maps used:
D:1:      onia_arrival_mini_maze
D:2:      makhleb_altar_promises_db, nicolae_overflow_crystal_walls
D:3:      first_bread, uniq_natasha
D:4:      mrwooster_statue_mirror, hangedman_abyss_or_decor_slice
D:5:      vehumet_statue, grunt_temple_overflow_open,
          minmay_temple_entry_purple_smoke, serial_shops, shop_fountains,
          uniq_pikel, uniq_blork_the_orc
D:6:      lemuel_doored_altar, ldierk_geyser, kennysheep_diamond,
          amethyst_killhole, grunt_decor_resistance, uniq_sigmund
D:7:      evilmike_ruin_ashenzari
D:8:      minmay_lair_entry_grove, basic_altar, david_nohive_1
D:9:      zin_purify
D:10:     serial_undead, serial_undead_b, serial_undead_a, serial_undead_a,
          serial_undead_d, serial_shops, nicolae_shop_crystal
D:11:     enter_bailey_8, serial_shops, shop
D:13:     trog_ov_bears_minmay
D:14:     erik_vaults_1, portal_ice_cave_entry_ice_beasts,
          minmay_misc_feat_enclosed, minmay_fire_ice_demons, uniq_frances,
          uniq_sonja
D:15:     grunt_enter_depths_magical_seal, basic_altar
Lair:1:   beast_lair_carwin_large_4, bh_autumn_forest_stairs, lemuel_fruit_tree,
          uniq_prince_ribbit2
Lair:3:   grunt_megastairs_1, uniq_gastronok
Lair:4:   dummy_spider_entry, beast_lair_carwin_2
Lair:5:   minmay_stone_trees_small, grunt_megastairs_2,
          infiniplex_staircase_pool_2
Lair:6:   minmay_shoals_entry_hut, minmay_slime_entry_jelly_boxes,
          lemuel_fruit_fields, uniq_josephine
Lair:7:   lemuel_oklob_altar
Lair:8:   evilmike_catoblepas_cave, nicolae_quartered_pool_medium,
          hangedman_lair_unloving_vines, minivault_26, grunt_megastairs_4
Shoals:1: nicolae_shoals_kraken_intersection, uniq_louise
Shoals:2: lightli_airlock
Shoals:3: wheals_shoals_ruined_temple
Shoals:4: shoals_end_hangedman, shoals_ilsuiw_ice, uniq_polyphemus, uniq_jorgrun
Spider:1: minivault_29
Spider:2: spider_trap
Spider:4: grunt_spider_rune_island
Slime:1:  nicolae_slime_ancient_tower_intersection
Slime:3:  nicolae_slime_welcoming_committee
Orc:1:    uniq_nergalle
Orc:2:    pubby_orc_utopia
Elf:1:    minmay_elf_arrival_circle, minmay_elf_necromancy, uniq_azrael,
          uniq_agnes
Elf:2:    hex_tiny, nrook_uturn, grunt_ministairs_4, dk_noncrumbling_4,
          minmay_misc_feat_five, uniq_asterion, uniq_roxanne
Elf:3:    grunt_elf_hall_spiral, serial_shops, shop
Vaults:1: hangedman_vaults_pinch, v_pattern_2, v_alt_pattern_4,
          vaults_dpeg_diagonal, nicolae_vaults_little_squares_3, st_lattice,
          v_alt_pattern_5, nicolae_vaults_little_squares_1, basic_altar
Vaults:2: ontoclasm_vaults_fault, nicolae_vaults_octagons, v_misc_8,
          ontoclasm_vaults_spin, v_misc_24, hangedman_vaults_capsules,
          grunt_vaults_hallway_short, vaults_room_semicircle,
          nicolae_vaults_three_branches, nicolae_vaults_big_ls,
          vaults_mumra_hex, v_misc_16, vaults_room_grunt_arrival_ludios,
          serial_shops, shop, enter_trove_1
Vaults:3: minmay_crypt_entry_simple_walls, vaults_room_door_ring,
          hangedman_vaults_cutoff, hangedman_vaults_nodes,
          hangedman_vaults_cutoff, vaults_room_pool, vaults_room_pool,
          nicolae_vaults_border_crossing, vaults_mumra_chevron,
          hangedman_vaults_corner, grunt_vaults_hallway_short,
          mu_enter_wizlab_2, uniq_margery, uniq_frederick
Vaults:4: vaults_room_door_ring, ontoclasm_vaults_eye, hangedman_vaults_maws,
          grunt_vaults_trifunnel, vaults_room_stairs_pillars,
          nicolae_vaults_yaktaur_gun_rack, vaults_dpeg_encased_lava,
          dpeg_vaults_monster_box, vaults_room_door_hall,
          nicolae_vaults_big_angled_halls, nicolae_vaults_diagonal_hallway_7,
          nicolae_vaults_little_squares_4, nicolae_vaults_shelves_hall,
          uniq_xtahua, uniq_aizul, uniq_saint_roka
Vaults:5: serial_shops
Crypt:3:  due_elkab
Depths:1: enter_ziggurat_d, hell_entry, rand_demon_pan_entry_7,
          minmay_misc_feat_diagonals, abyss_entry, evilmike_ambush
Depths:2: hangedman_spin_cycle, hell_entry
Depths:3: minmay_central_circle, grunt_pan_entry_zigzag, serial_sigils,
          serial_sigils_hangedman_quiver, serial_sigils_hangedman_scratch,
          serial_sigils_hangedman_gnaw, serial_sigils_hangedman_shear,
          hell_entry
Depths:4: minmay_tri_stars, rand_demon_pan_entry_5,
          abyss_entry_small_statue_room, special_room, hell_entry,
          hangedman_abyss_or_decor_jellyfish_corner, water_maze_lemuel
Depths:5: grunt_zot_entry_gee_three, hell_entry, fountainhead, pan_entry
Zot:2:    grunt_ministairs_4, grunt_megastairs_5
Zot:3:    lemuel_golem_globe, grunt_megastairs_3
Abyss:5:  minivault_23, hangedman_abyss_rune_flesh_and_stone
Pan:      evilmike_mini_pan_possible_glass, nicolae_pan_sigil_itan,
          grunt_pan_in_and_out, nicolae_pan_sigil_itan,
          evilmike_mini_pan_pillars_b, pan_blood_fountain_small, cerebov,
          nicolae_pan_glass_arcs, pan_blood_fountain_2, nicolae_pan_glass_arcs,
          evilmike_mini_pan_doors_b, nicolae_pan_sigil_obb,
          evilmike_mini_pan_possible_glass, evilmike_mini_pan_possible_glass,
          reaverb_pan_figure_eight, nicolae_pan_gloorx_vloqian_4,
          evilmike_mini_pan_T, rand_demon_7, evilmike_mini_pan_3x3,
          pan_blood_fountain_2, rand_demon_3, pan_blood_fountain,
          pan_blood_fountain_small, grunt_pan_pentagram, rand_demon_5,
          grunt_pan_frozen_over, gloorx_vloq_st, rand_demon_5,
          pan_blood_fountain_2, rand_demon_7, nicolae_pan_cerebovesque_2,
          lemuel_draining_boxes, nicolae_pan_gloorx_vloqian_3, mnoleg_grunt
Zig:10:   ziggurat_loot_2
Zig:11:   ziggurat_pillar_centre_c
Zig:12:   ziggurat_pillar_centre_dead_trees
Zig:13:   ziggurat_pillar_centre_oklobs
Trove:    trove_weapon_1
Bailey:   bailey_polearm_flooded_kennysheep, bailey
IceCv:    ice_cave_tombish
WizLab:   wizlab_demon

Skill      XL: |  1  2  3  4  5  6  7  8  9 10 11 12 13 14 15 16 17 18 19 20 21 22 23 24 25 26 27 |
---------------+----------------------------------------------------------------------------------+-----
Axes           | 3 4 5 6 7 9 10 12 13 15 16 17 18 19 20 21 22 23 24 25 26 | 26.0
Invocations    | 1 10 15 | 16.0
Armour         | 1 5 10 15 21 | 21.2
Dodging        | 5 10 18 | 18.9
Fighting       | 5 10 15 23 | 23.4
Charms         | 1 5 10 15 | 21.0
Spellcasting   | 1 5 10 | 14.6
Hexes          | 14 | 14.0
Air Magic      | 15 | 15.3
Throwing       | |  1.7

Action                   |  1- 3 |  4- 6 |  7- 9 | 10-12 | 13-15 | 16-18 | 19-21 | 22-24 | 25-27 || total
-------------------------+-------+-------+-------+-------+-------+-------+-------+-------+-------++-------
Melee: War axe           |   170 |   123 |       |       |       |       |       |       |       ||   293
       Battleaxe         |       |     4 |   275 |   860 |  1620 |   317 |       |       |       ||  3076
       Executioner's axe |       |       |       |       |     3 |  1399 |  1240 |  1739 |  5143 ||  9524
Throw: Throwing net      |     2 |     2 |       |     1 |       |       |       |       |       ||     5
       Javelin           |       |       |       |     6 |     8 |       |       |       |       ||    14
 Cast: Regeneration      |       |       |       |       |       |       |     4 |     2 |    54 ||    60
       Apportation       |       |       |       |       |       |       |       |     4 |       ||     4
       Repel Missiles    |       |       |       |       |       |       |       |     5 |     9 ||    14
       Haste             |       |       |       |       |       |       |       |       |    28 ||    28
       Silence           |       |       |       |       |       |       |       |       |     3 ||     3
       Deflect Missiles  |       |       |       |       |       |       |       |       |     1 ||     1
Invok: Lesser Servant of |       |       |       |     9 |    37 |    17 |     6 |       |    11 ||    80
       Greater Servant o |       |       |       |       |       |       |    10 |     1 |    29 ||    40
       Major Destruction |       |       |       |       |       |       |     3 |       |       ||     3
 Abil: Evoke Berserk Rag |       |       |       |     1 |     1 |       |       |       |       ||     2
       Evoke Flight      |       |       |       |       |       |     7 |       |       |     1 ||     8
Evoke: Wand              |       |    11 |     5 |     4 |     2 |     4 |       |     4 |    20 ||    50
  Use: Scroll            |     7 |     4 |     3 |    15 |    20 |     8 |     5 |    27 |    35 ||   124
       Potion            |       |     3 |     1 |     1 |     6 |     7 |    11 |     1 |    27 ||    57
 Stab: Sleeping          |     1 |       |       |       |       |       |       |       |     1 ||     2
       Distracted        |       |       |       |     1 |     5 |     2 |     6 |     1 |    22 ||    37
       Invisible         |       |       |       |       |       |    21 |     6 |       |    19 ||    46
       Petrified         |       |       |       |       |       |     4 |       |       |       ||     4
       Petrifying        |       |       |       |       |       |     1 |       |       |       ||     1
       Confused          |       |       |       |       |       |       |       |       |     3 ||     3
       Paralysed         |       |       |       |       |       |       |       |       |     1 ||     1
  Eat: Chunk             |     2 |     4 |     8 |    22 |    34 |    31 |    18 |    15 |    32 ||   166
       Beef jerky        |       |     1 |     1 |     1 |     2 |     2 |       |       |       ||     7
       Fruit             |       |       |       |     3 |       |       |       |       |       ||     3
       Pizza             |       |       |       |     2 |     2 |     1 |       |     4 |     4 ||    13
       Bread ration      |       |       |       |     1 |       |       |     1 |     2 |    16 ||    20
       Royal jelly       |       |       |       |       |       |       |     2 |     2 |    14 ||    18
